 Dungeon Crawl Stone Soup version 0.15-a0-335-g04a2ae6 (webtiles) character file.

693 PolkaDot the Martial Artist (level 6, 0/46 HPs)
             Began as a Vampire Monk on May 1, 2014.
             Slain by a slave (7 damage)
             ... led by Pikel
             ... on Level 4 of the Dungeon.
             The game lasted 00:13:29 (3565 turns).

PolkaDot the Martial Artist (Vampire Monk)          Turns: 3565, Time: 00:13:29

HP   0/46        AC  4     Str 10      XL: 6   Next: 76%
MP   6/6         EV 16     Int 12      God:
Gold 239         SH  0     Dex 18      Spells:  0 memorised,  5 levels left

rFire  + . .     SeeInvis +       - Unarmed
rCold  . . .     Clarity  +     a - +0 robe
rNeg   . . .     Conserve .     (no shield)
rPois  .         rCorr    .     l - +0 helmet
rElec  .         rRot     .     (no cloak)
SustAb + .       Spirit   .     (no gloves)
rMut   .         Warding  .     x - +0 pair of boots
Saprov . . .     Stasis   .     t - amulet of clarity
MR     .....                    u - ring of sustain abilities
                                c - ring of protection from fire

@: regenerating quickly, not resistant to hostile enchantments, fairly stealthy
A: bottle blood, fangs 3, see invisible, unbreathing
a: Bottle Blood


You were on level 4 of the Dungeon.
You were full.

You visited 1 branch of the dungeon, and saw 4 of its levels.

You collected 239 gold pieces.

Inventory:

Missiles
 n - a throwing net (quivered)
Armour
 a - a +0 robe (worn)
 l - a +0 helmet (worn)
 x - a +0 pair of boots (worn)
Magical devices
 b - a wand of fireball (5) {unknown}
 o - a wand of slowing (7)
Scrolls
 d - 2 scrolls of identify {unknown}
 e - a scroll of recharging {unknown}
 f - 7 scrolls of teleportation
 g - 2 scrolls of enchant armour {unknown}
 h - a scroll of magic mapping {unknown}
 i - 4 scrolls of remove curse
 j - a scroll of enchant weapon I {unknown}
 k - 2 scrolls of amnesia {unknown}
 m - a scroll of blinking
 p - a scroll of fear {unknown}
 v - a scroll of random uselessness {unknown}
Jewellery
 c - a ring of protection from fire (left hand)
 t - an amulet of clarity (around neck)
 u - a ring of sustain abilities (right hand)
 w - an uncursed ring of magical power


   Skills:
 - Level 2.6 Fighting
 + Level 5.2 Dodging
 - Level 3.0 Stealth
 * Level 8.0 Unarmed Combat


You had 5 spell levels left.
You didn't know any spells.

Dungeon Overview and Level Annotations

Branches:
Dungeon (4/15)
 Temple: D:4-7

Altars:
Cheibriados
Dithmenos

Annotations:
D:4 Pikel


Innate Abilities, Weirdness & Mutations

Your natural rate of healing is unusually fast.
You can bottle blood from corpses.
You have razor-sharp teeth.*
You have supernaturally acute eyesight.
You can survive without breathing.*


Message History

Pikel hits you with a whip of electrocution.
The slave hits you but does no damage. The slave closely misses you.
You hit Pikel.
Pikel is heavily wounded.
Pikel says, "I knew I should've brought a map."
Pikel hits you with a whip of electrocution.
The slave hits you. The slave misses you.
You hit Pikel.
Pikel is heavily wounded.
Pikel closely misses you. The slave closely misses you.
You barely miss Pikel. You bite Pikel.
Pikel is severely wounded.
The slave hits you.
You hit Pikel but do no damage.
Pikel is severely wounded.
Pikel hits you with a whip of electrocution.
You are electrocuted!
* * * LOW HITPOINT WARNING * * *
The slave hits you!
You die...

#....≈≈≈≈≈≈........#
#..≈≈≈≈≈≈≈≈≈....#'##
#≈≈≈≈≈≈≈≈≈≈≈≈...#.#
#.≈.≈≈≈≈≈≈§≈≈≈....#
#...≈≈≈≈≈≈≈≈≈≈≈.###
#...≈≈≈≈≈≈≈≈≈≈≈≈####
#...≈≈≈≈≈≈.≈≈≈≈≈...#
#...≈≈≈≈≈.)≈≈≈≈....##
#...pp≈Z.....≈.....#.
#...@Kpp.............
###########........##
#........# #########


You could see Pikel, 4 slaves and a hobgoblin skeleton.

Vanquished Creatures
  Eustachio (D:4)
  Blork the orc (D:4)
  A scorpion (D:4)
  A worker ant (D:4)
  Terence (D:2)
  2 gnolls (D:2)
  2 adders
  A green rat (D:4)
  A giant mite (D:2)
  An inept feature mimic (D:4)
  3 worms (D:3)
  An ufetubus (D:4)
  5 giant geckos
  An ooze (D:3)
  An orc (D:4)
  10 goblins
  9 hobgoblins
  16 jackals
  11 kobolds
  A quokka (D:2)
  9 bats
  4 giant cockroaches
  2 giant newts (D:3)
  12 rats
97 creatures vanquished.

Vanquished Creatures (others)
  2 jackals (D:4)
2 creatures vanquished.

Grand Total: 99 creatures vanquished

Notes
Turn   | Place    | Note
--------------------------------------------------------------
     0 | D:1      | PolkaDot, the Vampire Monk, began the quest for the Orb.
     0 | D:1      | Reached XP level 1. HP: 17/17 MP: 1/1
     2 | D:1      | Noticed a troll
     2 | D:1      | Noticed an elf
     4 | D:1      | Noticed a vampire
     4 | D:1      | Noticed a draconian
     6 | D:1      | Noticed a tengu
     8 | D:1      | Noticed a felid
     8 | D:1      | Noticed a dwarf
    10 | D:1      | Noticed a human
    12 | D:1      | Noticed a centaur
    14 | D:1      | Noticed a demonspawn
    14 | D:1      | Noticed a ghoul
    16 | D:1      | Noticed a naga
    16 | D:1      | Noticed an ogre
    18 | D:1      | Noticed an octopode
    18 | D:1      | Noticed a vine stalker
    20 | D:1      | Noticed a minotaur
    22 | D:1      | Noticed a spriggan
    22 | D:1      | Noticed a demigod
    24 | D:1      | Noticed a formicid
    26 | D:1      | Noticed a merfolk
    26 | D:1      | Noticed a gargoyle
   172 | D:1      | Reached XP level 2. HP: 17/23 MP: 2/2
   188 | D:1      | Reached skill level 5 in Unarmed Combat
   578 | D:2      | Noticed Terence
   590 | D:2      | Killed Terence
   590 | D:2      | Reached XP level 3. HP: 6/28 MP: 3/3
   969 | D:2      | Found a snail-covered altar of Cheibriados.
  1626 | D:2      | Reached XP level 4. HP: 25/34 MP: 4/4
  1822 | D:3      | Reached skill level 6 in Unarmed Combat
  2201 | D:3      | Found a shadowy altar of Dithmenos.
  2343 | D:3      | Reached XP level 5. HP: 30/39 MP: 5/5
  2609 | D:4      | Noticed a slave
  2611 | D:4      | Noticed Pikel
  2611 | D:4      | Noticed a slave
  2611 | D:4      | Noticed a slave
  2612 | D:4      | Noticed a slave
  2761 | D:4      | Reached skill level 7 in Unarmed Combat
  2765 | D:4      | Noticed Blork the orc
  2775 | D:4      | Killed Blork the orc
  2775 | D:4      | Reached XP level 6. HP: 35/46 MP: 6/6
  2809 | D:4      | Noticed Eustachio
  3076 | D:4      | HP: 2/46 [Eustachio/scimitar (9)]
  3078 | D:4      | Killed Eustachio
  3078 | D:4      | Reached skill level 5 in Dodging
  3324 | D:4      | Reached skill level 8 in Unarmed Combat
  3565 | D:4      | Slain by a slave

Action                   |  1- 3 |  4- 6 || total
-------------------------+-------+-------++-------
Melee: Unarmed           |   127 |   255 ||   382
  Use: Potion            |     3 |     4 ||     7
       Scroll            |       |     6 ||     6
 Stab: Sleeping          |     6 |     3 ||     9
